 Dungeon Crawl Stone Soup version 0.21-a0-348-ga060c75 (webtiles) character file.

184 saturnerianis the Charmwright (level 5, 43/43 HPs)
             Began as a Gnoll Skald on Oct 6, 2017.
             Quit the game on level 3 of the Dungeon on Oct 7, 2017.
             The game lasted 00:07:46 (4484 turns).

saturnerianis the Charmwright (Gnoll Skald)         Turns: 4484, Time: 00:07:47

Health: 43/43      AC:  3    Str: 14    XL:     5   Next: 63%
Magic:  12/12      EV: 14    Int: 16    God:
Gold:   57         SH:  0    Dex: 14    Spells: 9/14 levels left

rFire    . . .     SeeInvis .   a - +0 spear
rCold    . . .     Gourm    .   (no shield)
rNeg     . . .     Faith    .   b - +0 leather armour
rPois    .         Spirit   .   (no helmet)
rElec    .         Reflect  .   (no cloak)
rCorr    .         Harm     .   (no gloves)
MR       .....                  (no boots)
Stlth    ++........             g - amulet of rage
HPRegen  0.14/turn              (no ring)
MPRegen  0.13/turn              (no ring)

@: no status effects
A: distributed training, fangs 1, strong nose
a: Evoke Berserk Rage


You were on level 3 of the Dungeon.
You were not hungry.

You visited 1 branch of the dungeon, and saw 3 of its levels.

You collected 57 gold pieces.

Inventory:

Hand Weapons
 a - a +0 spear (weapon)
 f - a +3 dagger
 u - a +2 dagger of venom
Missiles
 h - 134 stones (quivered)
 i - 28 sling bullets
 l - 6 needles of sleeping
 o - 24 arrows
 w - 9 bolts
Armour
 b - a +0 leather armour (worn)
 m - a +2 ring mail of fire resistance
 A - a +1 pair of boots
Jewellery
 g - an amulet of rage (around neck)
 n - a +3 amulet of reflection {unknown}
Scrolls
 e - 2 scrolls of blinking {unknown}
 j - 6 scrolls of identify {unknown}
 t - a scroll of immolation {unknown}
 x - a scroll of amnesia {unknown}
 y - a scroll of enchant armour {unknown}
 B - a scroll of enchant weapon {unknown}
Potions
 k - a potion of might {unknown}
 r - a potion of mutation {unknown}
 s - a potion of agility {unknown}
 z - a potion of degeneration {unknown}
Books
 c - a book of Battle

   Spells                             Type                      Level
   a - Infusion                       Charms                       1
   b - Shroud of Golubria             Charms/Translocation         2
   c - Song of Slaying                Charms                       2
   d - Spectral Weapon                Hexes/Charms                 3
   e - Regeneration                   Charms/Necromancy            3
Comestibles
 d - 2 bread rations
 p - 2 chunks of flesh
 q - 3 meat rations
 v - a royal jelly


   Skills:
 + Level 4.8 Fighting
 + Level 1.5 Short Blades
 + Level 1.5 Long Blades
 + Level 1.5 Axes
 + Level 1.5 Maces & Flails
 + Level 4.8 Polearms
 + Level 1.5 Staves
 + Level 1.5 Slings
 + Level 1.5 Bows
 + Level 1.5 Crossbows
 + Level 1.5 Throwing
 + Level 3.0 Armour
 + Level 4.8 Dodging
 + Level 1.5 Stealth
 + Level 1.5 Shields
 + Level 1.5 Unarmed Combat
 + Level 5.2 Spellcasting
 + Level 1.5 Conjurations
 + Level 1.5 Hexes
 + Level 6.7 Charms
 + Level 1.5 Summonings
 + Level 1.5 Necromancy
 + Level 1.5 Translocations
 + Level 1.5 Transmutations
 + Level 1.5 Fire Magic
 + Level 1.5 Ice Magic
 + Level 1.5 Air Magic
 + Level 1.5 Earth Magic
 + Level 1.5 Poison Magic
 + Level 1.5 Invocations
 + Level 1.5 Evocations


You had 9 spell levels left.
You knew the following spells:

 Your Spells              Type           Power        Failure   Level  Hunger
a - Infusion              Chrm           ####         1%          1    None
b - Song of Slaying       Chrm           ####....     1%          2    #......
c - Shroud of Golubria    Chrm/Tloc      ###.......   4%          2    #......


Dungeon Overview and Level Annotations

Branches:
Dungeon (3/15)

Altars:


Innate Abilities, Weirdness & Mutations

Your experience applies equally to all skills.
You have very sharp teeth.
Your uncanny sense of smell can sniff out nearby items.


Message History

There is an open door here. x2
Key pressed, stopping explore.
No target in view!
Key pressed, stopping explore.
No target in view!
B - a scroll labeled VORIEM YSIDA No target in view!
Key pressed, stopping explore.
No target in view!
Some of the chunks of flesh in your inventory have rotted away.
Key pressed, stopping explore.
No target in view!
You see here a club.
You see here a club.
There is a stone staircase leading down here.
You see here a club.
Eating one of 3 chunks of flesh.
You eat one of the 3 chunks of flesh.
This raw flesh tastes terrible.
Unknown command.
Are you sure you want to abandon this character and quit the game? (Confirm with "yes".)

##..#####.#.##.#########.#.#
..........#.##.............#
########..#.##..##.#.###.###
......##..#.##.....#.# #.#
....#.##..#.###.####.# #.#
###.#.##..#..##.####.# #.###
#.#..#..##.##......# #.).#
#.#......#.##..##### ###.#
#.#.####.#.##.@## #.#
#......#....#...# #####.#
######.##.#.##..# #.....#
#.##.รท..#..# #.#####
#.###.#.#..# #.# #######.#
#...#..# #.# #.......#
##..#..# #.#
#.##########..#l.####.# #.#
#.....#...........#


You could see a frilled lizard (wandering).

Vanquished Creatures
  The ghost of saturnerianis the Magician, a weakling GnWz (D:3)
  3 adders
  5 worms
  A leopard gecko (D:3)
  6 orcs (D:3)
  2 ball pythons (D:2)
  6 giant cockroaches
  6 goblins
  8 hobgoblins
  18 jackals
  A quokka (D:2)
  12 bats
  2 frilled lizards
  11 kobolds
  9 rats
91 creatures vanquished.

Notes
Turn   | Place    | Note
-------+----------+-------------------------------------------
     0 | D:1      | saturnerianis the Gnoll Skald began the quest for the Orb.
     0 | D:1      | Reached XP level 1. HP: 20/20 MP: 6/6
   337 | D:1      | Reached XP level 2. HP: 26/26 MP: 2/7
   748 | D:1      | Learned a level 2 spell: Song of Slaying
   751 | D:1      | Learned a level 2 spell: Shroud of Golubria
   758 | D:1      | Reached XP level 3. HP: 31/31 MP: 0/9
   865 | D:1      | Reached skill level 5 in Spellcasting
  2107 | D:2      | Reached skill level 1 in Short Blades
  2107 | D:2      | Reached skill level 1 in Long Blades
  2107 | D:2      | Reached skill level 1 in Axes
  2107 | D:2      | Reached skill level 1 in Maces & Flails
  2107 | D:2      | Reached skill level 1 in Staves
  2107 | D:2      | Reached skill level 1 in Slings
  2107 | D:2      | Reached skill level 1 in Bows
  2107 | D:2      | Reached skill level 1 in Crossbows
  2107 | D:2      | Reached skill level 1 in Throwing
  2107 | D:2      | Reached skill level 1 in Stealth
  2107 | D:2      | Reached skill level 1 in Shields
  2107 | D:2      | Reached skill level 1 in Unarmed Combat
  2107 | D:2      | Reached skill level 1 in Conjurations
  2107 | D:2      | Reached skill level 1 in Hexes
  2107 | D:2      | Reached skill level 1 in Summonings
  2107 | D:2      | Reached skill level 1 in Necromancy
  2107 | D:2      | Reached skill level 1 in Translocations
  2107 | D:2      | Reached skill level 1 in Transmutations
  2107 | D:2      | Reached skill level 1 in Fire Magic
  2107 | D:2      | Reached skill level 1 in Ice Magic
  2107 | D:2      | Reached skill level 1 in Air Magic
  2107 | D:2      | Reached skill level 1 in Earth Magic
  2107 | D:2      | Reached skill level 1 in Poison Magic
  2107 | D:2      | Reached skill level 1 in Invocations
  2107 | D:2      | Reached skill level 1 in Evocations
  2310 | D:2      | Reached XP level 4. HP: 38/38 MP: 2/11
  3092 | D:3      | Noticed saturnerianis's ghost (weakling GnWz)
  3102 | D:3      | Killed saturnerianis's ghost
  3102 | D:3      | Reached XP level 5. HP: 30/43 MP: 1/12
  4484 | D:3      | Quit the game

Vault maps used:
D:1:      tarquinn_simple_flora_water_a
D:2:      minmay_crystal_water, minivault_25

Skill      XL: |  1  2  3  4  5 |
---------------+----------------+-----
Spellcasting   | 5 |  5.2
Short Blades   | 1 |  1.5
Long Blades    | 1 |  1.5
Axes           | 1 |  1.5
Maces & Flails | 1 |  1.5
Staves         | 1 |  1.5
Slings         | 1 |  1.5
Bows           | 1 |  1.5
Crossbows      | 1 |  1.5
Throwing       | 1 |  1.5
Stealth        | 1 |  1.5
Shields        | 1 |  1.5
Unarmed Combat | 1 |  1.5
Conjurations   | 1 |  1.5
Hexes          | 1 |  1.5
Summonings     | 1 |  1.5
Necromancy     | 1 |  1.5
Translocations | 1 |  1.5
Transmutations | 1 |  1.5
Fire Magic     | 1 |  1.5
Ice Magic      | 1 |  1.5
Air Magic      | 1 |  1.5
Earth Magic    | 1 |  1.5
Poison Magic   | 1 |  1.5
Invocations    | 1 |  1.5
Evocations     | 1 |  1.5
Armour         | 3 |  3.0
Fighting       | |  4.8
Polearms       | |  4.8
Dodging        | |  4.8
Charms         | |  6.7

Action                   |  1- 3 |  4- 6 || total
-------------------------+-------+-------++-------
Melee: Spear             |   121 |   172 ||   293
       Bite              |     9 |    16 ||    25
       Punch             |     1 |     1 ||     2
 Cast: Infusion          |    29 |    15 ||    44
       Song of Slaying   |    15 |     4 ||    19
       Shroud of Golubri |    10 |     2 ||    12
 Stab: Sleeping          |       |     9 ||     9
  Eat: Chunk             |     2 |     6 ||     8
       Bread ration      |     1 |       ||     1
Armor: Leather armour    |    28 |    18 ||    46
Dodge: Dodged            |   112 |    74 ||   186

Table legend:
 A = Spawn XP
 B = Non-spawn XP
 C = Spawn XP percentage of total XP
 D = Spawn monster count
 E = Non-spawn monster count
 F = Spawn count percentage of total count
 G = Total turns spent on level
                    A         B        C        D         E        F      G
               +---------+---------+-------+---------+---------+-------+---------
         Total |       0 |     263 |   0.0 |       0 |      91 |   0.0 |  4484
               +---------+---------+-------+---------+---------+-------+---------
           D:1 |       0 |      60 |   0.0 |       0 |      35 |   0.0 |  1687
           D:2 |       0 |      58 |   0.0 |       0 |      18 |   0.0 |  1392
           D:3 |       0 |     145 |   0.0 |       0 |      38 |   0.0 |  1405
               +---------+---------+-------+---------+---------+-------+---------
